 Dungeon Crawl Stone Soup version 0.25-a0-1073-gf4359a17dd (webtiles) character file.

Game seed: 12054532438385813465, levelgen mode: deterministic

44 Flugslaktarn the Shield-Bearer (level 3, 0/20 HPs)
             Began as a Vine Stalker Fighter on May 14, 2020.
             Succumbed to an adder's poison
             ... on level 2 of the Dungeon.
             The game lasted 00:00:41 (1063 turns).

Flugslaktarn the Shield-Bearer (VSFi)               Turns: 1063, Time: 00:00:42

Health: 0/20       AC:  6    Str: 19    XL:     3   Next: 62%
Magic:  2/4        EV:  7    Int:  8    God:
Gold:   105        SH:  9    Dex: 13    Spells: 2/2 levels left

rFire    . . .     SeeInvis .   a - +0 war axe
rCold    . . .     Gourm    .   c - +0 kite shield
rNeg     . . .     Faith    .   b - +0 scale mail
rPois    .         Spirit   +   (no helmet)
rElec    .         Reflect  .   (no cloak)
rCorr    .         Harm     .   (no gloves)
MR       .....                  (no boots)
Stlth    ..........             (no amulet)
HPRegen  0.06/turn              (no ring)
MPRegen  0.09/turn              (no ring)

@: mighty, lethally poisoned (0 -> -2), stab, hasted, very quick
A: fangs 2, magic shield, antimagic bite, no potion heal 3, rot immunity
a: no special abilities


You were on level 2 of the Dungeon.
You were hungry.

You visited 1 branch of the dungeon, and saw 2 of its levels.

You collected 105 gold pieces.

Inventory:

Hand Weapons
 a - a +0 war axe (weapon)
Armour
 b - a +0 scale mail (worn)
 c - a +0 kite shield (worn)
Scrolls
 f - a scroll of blinking {unknown}
 j - 2 scrolls of magic mapping {unknown}
 k - a scroll of identify {unknown}
 l - a scroll of enchant armour {unknown}
 m - a scroll of immolation {unknown}
 n - a scroll of fog {unknown}
Potions
 d - a potion of might
 g - a potion of stabbing
 h - 2 potions of haste
Comestibles
 e - 2 rations


   Skills:
 + Level 3.0 Fighting
 * Level 2.4 Axes
 + Level 2.6 Armour
 + Level 0.3 Dodging
 + Level 3.0 Shields


You had 2 spell levels left.
You didn't know any spells.
Your spell library was empty.

Dungeon Overview and Level Annotations

Branches:
Dungeon (2/15)

Altars:


Innate Abilities, Weirdness & Mutations

You have extremely sharp teeth.
When hurt, damage is shared between your health and your magic reserves.
Your bite disrupts and absorbs the magic of your enemies.
Potions cannot restore your health.
You are immune to rotting.


Message History

You feel very mighty all of a sudden.
You feel sick. The adder barely misses you. The adder bites you.
* * * LOW HITPOINT WARNING * * *
You miss the adder. Your bite misses the adder.
The adder is lightly wounded.
The adder bites you but does no damage. The adder bites you.
* * * LOW HITPOINT WARNING * * *
You closely miss the adder. You bite the adder!
You kill the adder!
Your Fighting skill increases to level 3!
It was a potion of stabbing.
You feel ready to backstab.
* * * LOW HITPOINT WARNING * * *
You feel sick.
It was a potion of haste.
You feel yourself speed up.
h - 2 potions of haste;
i - a viscous cyan potion It was a potion of heal wounds.
That seemed strangely inert.
Unknown command.
There is a lethal amount of poison in your body!
You die...

.#
##.#.........###.#####
..
#.######.##.#.......#
#.# #.# #.##.#.#.###.#
.# ##+# #.##.#.#.# #.#
.# ##...# #........#
#.# #.....# ####.....#
#.# .......##
###.#.#.###.#
........###...........#
....)...'..@....#..####
........###....##..#
.......## #.#.###..#
#.....# #[##.....#
##...# #.# .###.# ##+#
#.# .# #.# #.# .# #.#
#..


There were no monsters in sight!

Vanquished Creatures
  An adder (D:2)
  A worm (D:2)
  2 leopard geckos (D:1)
  A ball python (D:1)
  2 giant cockroaches
  6 goblins
  3 hobgoblins
  3 jackals (D:1)
  3 kobolds (D:1)
  2 bats (D:1)
  2 frilled lizards (D:1)
  2 rats (D:1)
28 creatures vanquished.

Notes
Turn   | Place    | Note
-------+----------+-------------------------------------------
     0 | D:1      | Flugslaktarn the Vine Stalker Fighter began the quest for
                  | the Orb.
     0 | D:1      | Reached XP level 1. HP: 11/11 MP: 2/2
   127 | D:1      | Reached XP level 2. HP: 15/16 MP: 1/3
   479 | D:1      | Reached XP level 3. HP: 18/19 MP: 4/4
  1058 | D:2      | HP: 1/20 [poisoned by an adder]
  1063 | D:2      | Succumbed to an adder's poison

Illustrated notes

Levels and vault maps discovered:
D:1:      dpeg_arrival_stonehenge_12_columns, layout_basic, minivault_26,
          minivault_24
D:2:      layout_loops_corners, st_stairs_8, uniq_jessica

Skill      XL: |  1  2  3 |
---------------+----------+-----
Axes           | 2 |  2.4
Shields        | 3 |  3.0
Fighting       | 3 |  3.0
Armour         | |  2.6
Dodging        | |  0.3

Action                   || total
-------------------------++-------
Melee: War axe           ||    89
       Bite              ||    15
  Use: Potion            ||     4
Armor: Scale mail        ||    45
Dodge: Dodged            ||    27
Block: Kite shield       ||    59

Table legend:
 A = Non-vault XP
 B = Vault XP
 C = Vault XP percentage of total XP
 D = Non-vault monster count
 E = Vault monster count
 F = Vault count percentage of total count
                 A         B        C        D         E       F
            +---------+---------+-------+---------+---------+-------
      Total |      64 |       0 |   0.0 |      28 |       0 |   0.0
            +---------+---------+-------+---------+---------+-------
        D:1 |      39 |       0 |   0.0 |      23 |       0 |   0.0
        D:2 |      25 |       0 |   0.0 |       5 |       0 |   0.0
            +---------+---------+-------+---------+---------+-------
